 Dungeon Crawl Stone Soup version 0.16-a0-3049-g2a447e9 (webtiles) character file.

57036 Chiseanne the Prestidigitator (level 14, -1/110 HPs)
             Began as a Demonspawn Wanderer on Dec 9, 2014.
             Was the Champion of Makhleb.
             Forgot to breathe
             ... caused by a brain worm
             ... on level 8 of the Lair of Beasts.
             The game lasted 01:52:55 (23026 turns).

Chiseanne the Prestidigitator (DsWn)               Turns: 23026, Time: 01:52:55

Health: -1/110     AC: 20    Str: 23      XL:     14   Next: 44%
Magic:  29/29      EV: 15    Int: 11 (13) God:    Makhleb [******]
Gold:   848        SH:  0    Dex: 14      Spells: 0 memorised, 13 levels left

rFire  + . .     SeeInvis .     a - +8 rapier (elec)
rCold  . . .     Clarity  .     Z - +2 scale mail {rN+}
rNeg   + . .     SustAb   .     (no shield)
rPois  .         Gourm    .     e - +0 hat {Int+3}
rElec  .         Spirit   .     I - +2 cloak {MR+}
rCorr  .         Warding  .     l - +0 pair of gloves
rMut   .         Stasis   .     Q - +1 pair of boots
MR     ++...                    Y - amulet of regeneration
Stlth  ..........               j - +5 ring of strength
                                m - ring of invisibility

@: very slightly contaminated, slowed, lost intelligence, studying Short Blades,
very slow, very resistant to hostile enchantments, extremely unstealthy
A: antennae 2, molten scales 2, demonic guardian 2, dopey 1, fire resistance 1,
spiny 1
a: Minor Destruction, Lesser Servant of Makhleb, Major Destruction, Greater
Servant of Makhleb, Renounce Religion, Evoke Invisibility


You were on level 8 of the Lair of Beasts.
You worshipped Makhleb.
Makhleb was exalted by your worship.
You were very full.

You visited 2 branches of the dungeon, and saw 23 of its levels.
You also visited: Ossuary.

You collected 2058 gold pieces.
You spent 1210 gold pieces at shops.

Inventory:

Hand weapons
 a - a +8 rapier of electrocution (weapon)
 s - the +4 spear of Laatecso {venom, rF++ Stlth+}
   (You found it on level 2 of the Lair of Beasts)

   It poisons the flesh of those it strikes.
   It greatly protects you from fire.
   It makes you more stealthy.
 w - a +0 blowgun
Armour
 e - a +0 hat of intelligence (worn)
 l - a +0 pair of gloves (worn)
 I - a +2 cloak of magic resistance (worn)
 Q - a +1 pair of boots (worn)
 Z - a +2 scale mail of positive energy (worn)
Jewellery
 j - a +5 ring of strength (right hand)
 m - a ring of invisibility (left hand)
 L - an uncursed amulet of resist corrosion
 P - an uncursed ring of see invisible
 Y - an amulet of regeneration (around neck)
Magical devices
 c - a wand of hasting (2)
 q - a wand of draining (1)
 v - a wand of heal wounds (5)
 x - a wand of cold (3)
 B - a wand of digging (6)
 D - a wand of draining (6)
 M - a wand of teleportation (4)
Scrolls
 b - 10 scrolls of teleportation
 h - 2 scrolls of enchant armour
 i - a scroll of fog
 A - a scroll of identify
 G - 5 scrolls of immolation
 H - 6 scrolls of remove curse
 J - 2 scrolls of amnesia
 K - 5 scrolls of fear
 T - 4 scrolls of magic mapping
Potions
 f - 2 potions of heal wounds
 g - a potion of berserk rage
 n - a potion of resistance
 r - 10 potions of curing
 u - 4 potions of restore abilities
 y - 2 potions of agility
 z - 3 potions of flight
 C - a potion of ambrosia
 F - 2 potions of lignification
 O - 2 potions of cancellation
 R - 5 potions of haste
 U - 3 potions of invisibility
 W - 2 potions of brilliance
 X - 2 potions of might
Books
 d - a book of Dreams

   Spells                             Type                      Level
   a - Ensorcelled Hibernation        Hexes/Ice                    2
   b - Flight                         Charms/Air                   3
   c - Phase Shift                    Translocation                5
   d - Shadow Creatures               Summoning                    5
   e - Mass Confusion                 Hexes                        6
   f - Darkness                       Hexes                        7
 p - a book of Minor Magic

   Spells                             Type                      Level
   a - Magic Dart                     Conjuration                  1
   b - Blink                          Translocation                2
   c - Call Imp                       Summoning                    2
   d - Repel Missiles                 Charms/Air                   2
   e - Slow                           Hexes                        2
   f - Conjure Flame                  Conjuration/Fire             3
   g - Mephitic Cloud                 Conjuration/Poison/Air       3
 E - a manual of Short Blades
Miscellaneous
 V - a fan of gales
Comestibles
 k - 23 fruits
 o - 18 meat rations
 t - 11 bread rations
 S - 6 royal jellies


   Skills:
 - Level 10.1 Fighting
 + Level 10.8 Short Blades
   Level 2.8 Axes
 - Level 1.0 Throwing
 - Level 9.1 Armour
 - Level 10.7 Dodging
   Level 1.0 Hexes
   Level 2.0 Poison Magic
 - Level 12.0 Invocations
 - Level 12.4 Evocations


You had 13 spell levels left.
You didn't know any spells.

Dungeon Overview and Level Annotations

Branches:
Dungeon (15/15)            Temple (0/1) D:5            Lair (8/8) D:8
  Swamp (0/5) Lair:3       Spider (0/5) Lair:3        Slime (0/6) Lair:6
    Orc (0/4) D:11         Vaults (0/5) D:13         Depths (0/5) D:15

Altars:
Ashenzari
Elyvilon
Gozag
Makhleb
Okawaru
Qazlal
Ru
Sif Muna
Trog
Yredelemnul
Zin
The Shining One
Jiyva

Shops:
D:10 ?[   D:12 *   D:14 *(!*

Portals:
Trove: D:12 (give +3 ice dragon armour)

Annotations:
Lair:8 runed door


Innate Abilities, Weirdness & Mutations

You have a pair of antennae on your head.
You are mostly covered in molten scales (AC +3, EV -1).
A demonic guardian rushes to your aid.
Your flesh is heat resistant.
You are partially covered in sharp spines.
You are dopey. (Int -2)


Message History

Something feeds on your intellect! The worm bites you!
* * * LOW HITPOINT WARNING * * *
The torpor snail completely misses you.
Read which item? (? for menu, Esc to quit)
Blink to where?
Press: ? - help, Dir - move target cursor
As you read the scroll of blinking, it crumbles to dust.
You are very lightly contaminated with residual magic.
You feel yourself speed up.
Being near the torpor snail leaves you feeling lethargic.
The brain worm's bulging head throbs.
Something tries to feed on your intellect!
Drink which item? (? for menu, Esc to quit)
You feel your intelligence returning.
You feel yourself speed up.
Being near the torpor snail leaves you feeling lethargic.
The brain worm's bulging head throbs.
You feel dopey.
You convulse from lack of intelligence!
You die...

...#### #.##.
........#####.†..
#P....##.....#
####.†#....### {
## ##....### {{{
#.###...### {{
###.....##
###......##
##@.....P.####
##...##.#..†#.# #
#..w####.#††.###
# #P.##.#
####††P.## #
#.P##w# ##.#.PPP#
# #..P.†#
#.....?##
##...†.#
#.......#
#.!...##
##.....P# ##..(.#
#...#.##


You could see a torpor snail and a brain worm.

Vanquished Creatures
  A cacodemon (Lair:7)
  Snorg (Lair:6)
  The ghost of Chiseanne the Eclecticist, a powerful SpEn of Sif Muna (D:12)
  A centaur warrior (D:15)
  4 hydras
  An unseen horror (D:14)
  3 skeletal warriors (D:15)
  A lindwurm (Lair:8)
  A necromancer (D:13)
  A hill giant (D:15)
  A manticore (D:15)
  A griffon (D:15)
  5 ugly things
  2 cyclopes
  A black mamba (Lair:3)
  A centaur zombie (D:13)
  A siren (Lair:5)
  5 torpor snails (Lair:8)
  A kobold demonologist (D:14)
  3 fire drakes
  6 komodo dragons
  9 spiny frogs
  A freezing wraith (Lair:3)
  7 polar bears (Lair:8)
  3 slime creatures (D:15)
  2 ravens (D:10)
  2 shadows (D:15)
  A blink frog (Lair:6)
  2 trapdoor spiders
  2 deep elf magi (D:12)
  6 humans (D:13)
  13 yaks
  A hungry ghost (D:13)
  6 vampire mosquitoes
  5 hippogriffs
  13 wolves
  3 wargs (Lair:8)
  3 porcupines
  A hell hound (Lair:8)
  10 ice beasts
  A swamp drake (Lair:3)
  An eye of draining (shapeshifter) (D:15)
  6 spiders (Lair:3)
  3 yellow wasps
  4 sky beasts
  A boring beetle (Lair:5)
  13 water moccasins
  2 necrophages
  5 orc warriors
  10 black bears
  6 centaurs
  2 phantoms
  3 ogres
  Sigmund (D:5)
  Duvessa (D:5)
  9 crocodiles
  16 giant frogs
  2 brain worms (Lair:8)
  2 big kobolds
  3 scorpions
  2 wyvern skeletons
  An electric eel (Lair:5)
  4 wights (D:9)
  2 goliath beetles
  20 hounds
  7 crimson imps
  Dowan (D:5)
  2 giant frog zombies
  2 jellies
  4 human zombies (D:13)
  Crazy Yiuf (D:3)
  4 iguanas
  4 orc priests
  4 centaur skeletons
  2 human skeletons (D:13)
  9 orc wizards
  3 quasits
  Natasha (thrice) (D:3)
  29 sheep
  8 worker ants
  Jessica (D:3)
  4 big kobold zombies (Ossuary)
  4 mummies
  2 hound skeletons
  A worker ant zombie (D:9)
  82 river rats
  24 adders
  2 shadow imps
  A giant mite (D:10)
  6 white imps (Lair:3)
  12 worms
  An adder skeleton (D:7)
  6 giant geckos
  An ooze (D:3)
  28 orcs
  5 ball pythons
  3 giant cockroaches
  4 gnoll zombies (Ossuary)
  22 hobgoblins
  17 jackals
  18 bats
  4 giant newts
  19 goblins
  3 goblin zombies
  25 kobolds
  5 orc zombies (Ossuary)
  9 quokkas
  A quokka skeleton (D:5)
  16 rats
  A bush (Lair:3)
  9 fungi
  11 plants
682 creatures vanquished.

Vanquished Creatures (collateral kills)
  Gastronok (Lair:2)
  3 vault guards
  Fannar (Lair:1)
  3 hydras
  2 ice dragons (D:15)
  2 centaur warriors (D:13)
  A tengu warrior (D:10)
  A catoblepas (D:13)
  An ice statue (Lair:3)
  2 necromancers (D:13)
  A wizard (D:13)
  A cyclops (D:14)
  9 hill giants
  8 ugly things
  2 manticores
  A centaur zombie (D:15)
  A black mamba (Lair:1)
  2 komodo dragons
  A spiny frog (Lair:1)
  An orange crystal statue (Lair:7)
  A gargoyle (D:11)
  A centaur skeleton (D:13)
  A fire drake (Lair:1)
  A polar bear (Lair:8)
  A giant leech (Lair:8)
  2 trolls (D:11)
  A baby alligator (Lair:3)
  2 slime creatures (D:15)
  A deep elf mage (D:13)
  13 humans (D:13)
  A wraith (D:15)
  7 yaks
  8 wolves (Lair:8)
  A wyvern (D:11)
  Edmund (D:7)
  Menkaure (D:6)
  2 vampire mosquitoes (D:13)
  2 wargs (Lair:8)
  A soldier ant (D:14)
  A water moccasin (D:11)
  2 mottled dragons (D:11)
  3 hell hounds (Lair:8)
  3 orc warriors
  A black bear (Lair:8)
  2 ice beasts
  A phantom (D:14)
  A sky beast (D:11)
  An ogre (D:13)
  A crocodile (D:15)
  3 giant frogs
  A scorpion (D:11)
  A giant frog zombie (D:13)
  An orc priest (D:6)
  3 hounds
  A jelly (D:14)
  4 orc wizards
  A hound zombie (D:11)
  Terence (D:3)
  2 adders
  3 river rats
  A white imp (D:3)
  2 worms (Lair:8)
  5 orcs
  A hobgoblin (D:11)
  3 quokkas
  A giant cockroach (D:5)
  2 giant newts (Lair:3)
144 creatures vanquished.

Vanquished Creatures (others)
  A balrug (Lair:3)
  A blizzard demon (Lair:2)
  3 green deaths
  6 soul eaters
  4 sun demons
  13 ice devils
  13 sixfirhies
  7 smoke demons
  3 quasits
  4 crimson imps
  A human zombie (D:13)
  3 iron imps (D:3)
  A white imp (D:6)
  An ufetubus (D:3)
  2 plants
63 creatures vanquished.

Grand Total: 889 creatures vanquished

Notes
Turn   | Place    | Note
--------------------------------------------------------------
     0 | D:1      | Chiseanne, the Demonspawn Wanderer, began the quest for the Orb.
     0 | D:1      | Chiseanne set off with: a +2 hand axe, a scroll of teleportation, a potion of lignification, a +0 robe, a bread ration
     0 | D:1      | Reached XP level 1. HP: 16/16 MP: 1/1
   315 | D:1      | Gained mutation: You are partially covered in sharp spines. [demonic ancestry]
   315 | D:1      | Reached XP level 2. HP: 18/23 MP: 2/2
   466 | D:1      | Reached skill level 3 in Fighting
   476 | D:1      | Reached skill level 1 in Dodging
   679 | D:1      | Gained mutation: You are partially covered in molten scales (AC +1). [demonic ancestry]
   679 | D:1      | Reached XP level 3. HP: 24/29 MP: 3/3
   919 | D:1      | Found a burning altar of Makhleb.
   928 | D:1      | Became a worshipper of Makhleb the Destroyer
  1808 | D:2      | Acquired Makhleb's first power
  2411 | D:2      | Gained mutation: A weak demonic guardian rushes to your aid. [demonic ancestry]
  2411 | D:2      | Reached XP level 4. HP: 33/35 MP: 4/4
  2672 | D:3      | Noticed Terence
  2681 | D:3      | Killed Terence
  2868 | D:3      | Noticed Jessica
  2883 | D:3      | Killed Jessica
  2917 | D:3      | Noticed Natasha
  2925 | D:3      | Killed Natasha
  2925 | D:3      | Reached XP level 5. HP: 35/42 MP: 5/5
  2952 | D:3      | Found a sacrificial altar of Ru.
  2975 | D:3      | Found a glowing silver altar of Zin.
  2984 | D:3      | Reached skill level 4 in Fighting
  3070 | D:3      | Noticed Crazy Yiuf
  3093 | D:3      | Killed Crazy Yiuf
  3145 | D:3      | Found a shattered altar of Ashenzari.
  3191 | D:3      | Noticed Natasha
  3199 | D:3      | Killed Natasha
  3205 | D:3      | Acquired Makhleb's second power
  3276 | D:3      | Noticed Natasha
  3289 | D:3      | Killed Natasha
  3601 | D:3      | Reached XP level 6. HP: 48/48 MP: 7/7
  4397 | D:4      | Reached skill level 1 in Short Blades
  4478 | D:4      | Acquired Makhleb's third power
  4540 | D:5      | Entered Level 5 of the Dungeon
  4570 | D:4      | Gained mutation: You have a pair of small antennae on your head. [demonic ancestry]
  4570 | D:4      | Reached XP level 7. HP: 19/55 MP: 8/8
  4878 | D:5      | Found a staircase to the Ecumenical Temple.
  5079 | D:5      | Noticed Sigmund
  5081 | D:5      | Noticed Duvessa
  5085 | D:5      | Noticed Dowan
  5095 | D:5      | Killed Sigmund
  5103 | D:5      | Killed Dowan
  5105 | D:5      | Killed Duvessa
  5183 | D:5      | Reached skill level 5 in Fighting
  5466 | D:5      | Noticed a water moccasin
  5474 | D:5      | Killed a water moccasin
  5474 | D:5      | Reached XP level 8. HP: 62/62 MP: 9/9
  5573 | D:5      | Found a basalt altar of Yredelemnul.
  5766 | D:6      | Reached skill level 5 in Dodging
  5792 | D:6      | Found a sand-covered staircase.
  5797 | Ossuary  | Entered an ossuary
  5882 | Ossuary  | Acquired Makhleb's fourth power
  6128 | D:6      | Reached skill level 6 in Dodging
  6226 | D:6      | Noticed Menkaure
  6238 | D:6      | Killed Menkaure
  6409 | D:6      | Gained mutation: A demonic guardian rushes to your aid. [demonic ancestry]
  6409 | D:6      | Reached XP level 9. HP: 44/69 MP: 10/10
  6608 | D:6      | Reached skill level 7 in Dodging
  6875 | D:7      | Acquired Makhleb's fifth power
  6960 | D:7      | Reached skill level 1 in Invocations
  7301 | D:7      | Noticed Edmund
  7315 | D:7      | Killed Edmund
  7534 | D:7      | Reached skill level 5 in Invocations
  8201 | D:8      | Found an iron altar of Okawaru.
  8358 | D:8      | Noticed a fire drake
  8366 | D:8      | Killed a fire drake
  8372 | D:8      | Found a staircase to the Lair.
  8701 | Lair:1   | Entered Level 1 of the Lair of Beasts
  8701 | Lair:1   | Noticed a black mamba
  8705 | Lair:1   | Killed a black mamba
  8705 | Lair:1   | Reached skill level 8 in Invocations
  8844 | Lair:1   | Noticed a fire drake
  8849 | Lair:1   | Killed a fire drake
  8849 | Lair:1   | Reached skill level 9 in Invocations
  8935 | Lair:1   | Reached XP level 10. HP: 77/77 MP: 23/23
  9007 | Lair:1   | Reached skill level 10 in Invocations
  9023 | Lair:1   | Noticed a spiny frog
  9029 | Lair:1   | Killed a spiny frog
  9030 | Lair:1   | Noticed Fannar
  9048 | Lair:1   | Killed Fannar
  9151 | Lair:1   | Noticed a komodo dragon
  9159 | Lair:1   | Killed a komodo dragon
  9159 | Lair:1   | Reached skill level 11 in Invocations
  9963 | D:9      | Found a stormy altar of Qazlal.
  9963 | D:9      | Found a bloodstained altar of Trog.
  9964 | D:9      | Found a deep blue altar of Sif Muna.
 10050 | D:9      | Reached skill level 12 in Invocations
 10350 | D:9      | Noticed a hill giant
 10355 | D:9      | Killed a hill giant
 10355 | D:9      | Reached skill level 5 in Armour
 10938 | D:10     | Entered Level 10 of the Dungeon
 11004 | D:10     | Found Grishrud's Antique Armour Shop.
 11010 | D:10     | Found Kerez's Magic Scroll Boutique.
 11015 | D:10     | Bought a scroll of identify for 28 gold pieces
 11015 | D:10     | Bought a scroll of enchant weapon for 105 gold pieces
 11015 | D:10     | Bought a scroll of enchant weapon for 105 gold pieces
 11015 | D:10     | Bought a scroll of teleportation for 42 gold pieces
 11017 | D:10     | Bought a scroll of remove curse for 42 gold pieces
 11017 | D:10     | Bought a scroll of remove curse for 42 gold pieces
 11328 | D:10     | Noticed a hill giant
 11332 | D:10     | Killed a hill giant
 11358 | D:10     | Noticed a hill giant
 11362 | D:10     | Killed a hill giant
 11407 | D:10     | Noticed a tengu warrior
 11425 | D:10     | Killed a tengu warrior
 11550 | D:10     | Bought a runed hat for 132 gold pieces
 11705 | D:11     | Gained mutation: You have a pair of antennae on your head. [demonic ancestry]
 11705 | D:11     | Reached XP level 11. HP: 74/84 MP: 26/26
 11777 | D:11     | Reached skill level 5 in Short Blades
 11794 | D:11     | Noticed a hill giant
 11798 | D:11     | Killed a hill giant
 11839 | D:11     | Noticed a brown ugly thing
 11864 | D:11     | Killed a brown ugly thing
 12091 | D:11     | Noticed a hill giant
 12096 | D:11     | Killed a hill giant
 12180 | D:11     | Found a staircase to the Orcish Mines.
 12436 | D:12     | Noticed Chiseanne's ghost (powerful SpEn)
 12457 | D:12     | Killed Chiseanne's ghost
 12556 | D:12     | Got a translucent whip
 12557 | D:12     | Identified the +5 whip of the Poles {slash, MR++} (You found it on level 12 of the Dungeon)
 12816 | D:12     | Found Gozag's Nutrition Petition.
 12818 | D:12     | Found an opulent altar of Gozag.
 13042 | D:12     | Noticed a vault guard
 13049 | D:12     | Killed a vault guard
 13057 | D:12     | Found a portal to a secret trove of treasure.
 13345 | D:13     | Noticed a wizard
 13345 | D:13     | Noticed a necromancer
 13351 | D:13     | Killed a wizard
 13352 | D:13     | Killed a necromancer
 13356 | D:13     | Noticed a necromancer
 13357 | D:13     | Noticed a vault guard
 13357 | D:13     | Noticed a vault guard
 13359 | D:13     | Noticed a necromancer
 13364 | D:13     | Killed a vault guard
 13366 | D:13     | Killed a necromancer
 13369 | D:13     | Killed a vault guard
 13428 | D:13     | Killed a necromancer
 13428 | D:13     | Gained mutation: You are mostly covered in molten scales (AC +3, EV -1). [demonic ancestry]
 13428 | D:13     | Reached XP level 12. HP: 55/94 MP: 27/27
 13501 | D:13     | Found a gate to the Vaults.
 13680 | D:13     | Noticed a hill giant
 13682 | D:13     | Noticed a catoblepas
 13689 | D:13     | Killed a hill giant
 13701 | D:13     | Killed a catoblepas
 13837 | D:13     | Noticed a centaur warrior
 13841 | D:13     | Killed a centaur warrior
 13988 | D:13     | Noticed a centaur warrior
 13994 | D:13     | Killed a centaur warrior
 14160 | D:14     | Found Kuackaat's Weapon Shoppe.
 14166 | D:14     | Found a stormy altar of Qazlal.
 14243 | D:14     | Noticed an eight-headed hydra
 14254 | D:14     | Killed an eight-headed hydra
 14266 | D:14     | Noticed a six-headed hydra
 14272 | D:14     | Killed a six-headed hydra
 14272 | D:14     | Reached skill level 10 in Dodging
 14470 | D:14     | Found Huagal's Distillery.
 14477 | D:14     | Bought a potion of curing for 48 gold pieces
 14477 | D:14     | Bought a potion of curing for 48 gold pieces
 14477 | D:14     | Bought a potion of heal wounds for 80 gold pieces
 14477 | D:14     | Bought a potion of curing for 48 gold pieces
 14477 | D:14     | Bought a potion of curing for 48 gold pieces
 14522 | D:14     | Found Saoguih's Assorted Antiques.
 14526 | D:14     | Bought a scroll of identify for 58 gold pieces
 14526 | D:14     | Bought a potion of heal wounds for 145 gold pieces
 14613 | D:14     | Found Pnint's General Store.
 14627 | D:14     | Bought a scroll of enchant weapon for 112 gold pieces
 14627 | D:14     | Bought a scroll of identify for 30 gold pieces
 14627 | D:14     | Bought a beef jerky for 22 gold pieces
 14627 | D:14     | Bought a potion of restore abilities for 75 gold pieces
 14808 | D:15     | Entered Level 15 of the Dungeon
 14821 | D:15     | Found a glowing golden altar of the Shining One.
 14849 | D:15     | Noticed a centaur warrior
 14862 | D:15     | Killed a centaur warrior
 15010 | D:15     | Gained mutation: Your flesh is heat resistant. [demonic ancestry]
 15010 | D:15     | Reached XP level 13. HP: 100/102 MP: 28/28
 15135 | D:15     | Found a glowing golden altar of the Shining One.
 15169 | D:15     | Noticed an ice dragon
 15178 | D:15     | Noticed an ice dragon
 15189 | D:15     | Killed an ice dragon
 15224 | D:15     | Killed an ice dragon
 15231 | D:15     | Found a staircase to the Depths.
 15401 | D:15     | Reached skill level 10 in Fighting
 15741 | D:15     | Got an encrusted blowgun
 15742 | D:15     | Identified the +1 blowgun of a bazaar {speed, Str+2} (You found it on level 15 of the Dungeon)
 16500 | Lair:2   | Noticed Gastronok
 16520 | Lair:2   | Killed Gastronok
 16563 | Lair:2   | Got a translucent spear
 16564 | Lair:2   | Identified the cursed +4 spear of Laatecso {venom, rF++ Stlth+} (You found it on level 2 of the Lair of Beasts)
 17423 | Lair:3   | Reached skill level 5 in Evocations
 17557 | Lair:3   | Found a hole to the Spider Nest.
 17742 | Lair:3   | Found a staircase to the Swamp.
 18403 | Lair:3   | Got a spiked chain mail
 18431 | Lair:3   | Identified the cursed -3 chain mail of Giacsuaf {+Rage +Inv rElec Int+3} (You found it on level 3 of the Lair of Beasts)
 18527 | Lair:4   | Found a white marble altar of Elyvilon.
 19331 | Lair:5   | Found a staircase to the Shoals.
 19882 | Lair:5   | Found an iron altar of Okawaru.
 20246 | Lair:6   | Noticed Snorg
 20254 | Lair:6   | Killed Snorg
 20254 | Lair:6   | Reached skill level 10 in Evocations
 20624 | Lair:6   | Found a viscous altar of Jiyva.
 20625 | Lair:6   | Found a staircase to the Slime Pits.
 20711 | Lair:6   | You fall through a shaft for 2 floors!
 20711 | Lair:8   | Entered Level 8 of the Lair of Beasts
 21058 | Lair:7   | Reached XP level 14. HP: 110/110 MP: 29/29
 21618 | Lair:7   | Noticed a cacodemon
 21623 | Lair:7   | Gained mutation: You are dopey. (Int -2) [a cacodemon]
 21631 | Lair:7   | Killed a cacodemon
 21663 | Lair:7   | Got a bound copper ring
 21688 | Lair:7   | Identified the ring "Igeabol" {+/*Tele rF+ Int+2 SInv} (You found it on level 7 of the Lair of Beasts)
 22807 | Lair:8   | Reached skill level 10 in Short Blades
 22898 | Lair:8   | Found a runed door.
 23021 | Lair:8   | Lost intelligence.
 23026 | Lair:8   | Forgot to breathe ... caused by a brain worm

Action                   |  1- 3 |  4- 6 |  7- 9 | 10-12 | 13-15 || total
-------------------------+-------+-------+-------+-------+-------++-------
Melee: Hand axe          |   115 |    94 |       |       |       ||   209
       Dagger            |       |   131 |   223 |    78 |       ||   432
       Rapier            |       |    24 |   229 |   516 |  1071 ||  1840
       Unarmed           |       |       |    20 |       |       ||    20
Invok: Greater Servant o |       |       |       |     9 |    10 ||    19
 Abil: Evoke Invisibilit |       |       |       |       |     2 ||     2
Evoke: Wand              |       |     4 |       |     8 |     4 ||    16
  Use: Scroll            |     5 |     4 |    10 |    20 |     9 ||    48
       Potion            |     1 |     2 |     1 |     3 |     5 ||    12
 Stab: Confused          |       |     1 |       |       |       ||     1
       Distracted        |       |       |     1 |     5 |     2 ||     8
       Sleeping          |       |       |     1 |       |       ||     1
       Invisible         |       |       |       |       |     3 ||     3
       Fleeing           |       |       |       |       |     1 ||     1
  Eat: Chunk             |     4 |     8 |    14 |    14 |    12 ||    52
       Beef jerky        |       |       |     1 |     5 |     1 ||     7
       Royal jelly       |       |       |       |     3 |     4 ||     7
       Pizza             |       |       |       |     1 |     1 ||     2
       Fruit             |       |       |       |     3 |    12 ||    15
